Cogmind - Beta 10.2 @@@ ROGUE MODE // 2021.11.12 @ 00:54:24 Player: Howard Result: Destroyed by Y-45 Defender with Heavy Assault Rifle Performance ------------- Evolutions (1) 500 Regions Visited (2) 400 Robots Destroyed (51) 255 Value Destroyed (1094) 1094 Prototype IDs (0) 0 Alien Tech Used (0) 0 Bonus (13) 13 TOTAL SCORE: 2262 Bonus ------- High Alert Combat Kills 13 Cogmind --------- Core Integrity 0/400 Matter 285/300 Energy 116/265 System Corruption 0% Temperature Cool (9) Movement Treading (200) Ox2 Location -9/Materials Parts ------- > --- POWER (1) -------- Improved Ion Engine > --- PROPULSION (2) --- Light Treads Wheel > --- UTILITY (4) ------ Large Storage Unit Large Storage Unit Melee Analysis Suite Utility Shielding > --- WEAPON (2) ------- Great Maul Great Maul > --- INVENTORY (16) --- Improved Ion Engine Armored Wheel Improved Heat Sink Melee Analysis Suite Melee Analysis Suite Melee Analysis Suite Light EM Pulse Cannon Light EM Pulse Cannon Shock Bomb Launcher Shock Bomb Launcher Rocket Launcher Rocket Launcher Datajack Mining Laser Peak State ------------ > --- POWER ------------ Light Nuclear Core > --- PROPULSION ------- Armored Treads Armored Wheel > --- UTILITY ---------- Large Storage Unit Large Storage Unit Salvage Targeting Computer Melee Analysis Suite > --- WEAPON ----------- Great Maul Great Maul > --- INVENTORY -------- Armored Treads Armored Treads Improved Heat Sink Melee Analysis Suite Melee Analysis Suite Melee Analysis Suite Utility Shielding Medium Armor Plating Light EM Pulse Cannon Light EM Pulse Cannon Grenade Launcher Datajack Mining Laser Great Maul [Rating: 24] Favorites ----------- Power Light Nuclear Core Engine Light Ion Engine Power Core Light Nuclear Core Propulsion Armored Treads Treads Armored Treads Wheel Wheel Utility Large Storage Unit Storage Large Storage Unit Processor Salvage Targeting Computer Protection Utility Shielding Weapon Great Maul Energy Gun Medium Laser Energy Cannon Beam Cannon Ballistic Gun Light Assault Rifle Launcher Grenade Launcher Impact Weapon Great Maul Build | -11 -10 -9 ------- Run | Scr Mat Mat Slots Evolved 2 | . . 2 Power . | . . . Propulsion . | . . . Utility 2 | . . 2 Weapon . | . . . Parts Attached 43 | 6 11 26 Power 6 | 1 . 5 Engine 5 | 1 . 4 Core 1 | . . 1 Reactor . | . . . Propulsion 11 | 2 2 7 Treads 6 | 1 1 4 Leg . | . . . Wheel 5 | 1 1 3 Hover . | . . . Flight . | . . . Utility 10 | 1 4 5 Device . | . . . Storage 5 | 1 4 . Processor 3 | . . 3 Hackware . | . . . Protection 2 | . . 2 Artifact . | . . . Weapon 16 | 2 5 9 Energy Gun 1 | 1 . . Energy Cannon 3 | . 2 1 Ballistic Gun 3 | 1 2 . Ballistic Cannon . | . . . Launcher 3 | . 1 2 Special Weapon . | . . . Impact Weapon 6 | . . 6 Slashing Weapon . | . . . Piercing Weapon . | . . . Special Melee Weapon . | . . . Unidentified Prototypes . | . . . Parts Lost 14 | . 4 10 Power 4 | . 1 3 Propulsion 5 | . . 5 Utility 1 | . . 1 Weapon 4 | . 3 1 Highest Loss Streak 3 | . 3 2 Average Slot Usage (%) 95 | . 92 95 Engine 6 | . 14 4 Core 4 | . . 5 Treads 14 | . 14 14 Wheel 8 | . 14 7 Storage 22 | . 23 22 Processor 14 | . . 18 Protection 1 | . . 1 Energy Cannon 2 | . 10 . Ballistic Gun 2 | . 12 . Impact Weapon 16 | . . 20 Naked Turns . | . . . Heaviest Build 50 | 13 37 50 Greatest Support 40 | 10 20 40 Greatest Overweight (x) 4 | 1 3 4 Average Overweight (x) 2 | . 1 2 Largest Inventory Capacity 16 | 6 16 16 Average Capacity 14 | 5 7 16 Most Carried 16 | 4 10 16 Average Carried 13 | 2 6 15 Final Capacity 16 | 6 16 16 Final Carried 14 | 4 10 14 Class Distribution -------------------- 96% | Mutant 3% | Scavenger-Mutant Dominant Class ---------------- Mutant | -10/Materials Mutant | -9/Materials Resources | -11 -10 -9 ----------- Run | Scr Mat Mat Matter Collected 723 | 192 236 295 Remotely . | . . . Salvage Created 1588 | . 302 1286 Parts 67 | . 18 49 Haulers Intercepted 5 | . 1 4 Recyclers Shooed 1 | . 1 . Parts Field Recycled . | . . . Retrieved Matter . | . . . Parts Self-Destructed . | . . . Prevented . | . . . Kills | -11 -10 -9 ------- Run | Scr Mat Mat Combat Hostiles Destroyed 39 | . 7 32 Melee 13 | . . 13 Guns 3 | . 3 . Cannons 1 | . 1 . AOE 12 | . 3 9 Classes Destroyed 7 | . 6 1 Worker 2 | . 1 1 Hauler 5 | . 1 4 Recycler 2 | . 1 1 Watcher 3 | . 1 2 Swarmer 17 | . 3 14 Grunt 17 | . 4 13 Sentry 5 | . . 5 Best Kill Streak 6 | . 6 6 Combat Bots Only 5 | . 4 5 Max Kills in Single Turn 3 | . 2 3 Gunslinging . | . . . Exploded 3 | . 1 3 Melee 1 | . . 1 Uniques/NPCs Destroyed . | . . . Combat | -11 -10 -9 -------- Run | Scr Mat Mat Damage Taken 2752 | . 635 2117 Core 505 | . 94 411 Absorbed by Shields . | . . . Core Remaining (%) 81 | 100 62 . Volleys Fired 48 | . 41 7 Largest 2 | . 2 1 Hottest 110 | . 110 56 Shots Fired 64 | . 57 7 Gun 28 | . 28 . Cannon 23 | . 22 1 Launcher 13 | . 7 6 Special . | . . . Kinetic 24 | . 24 . Thermal 26 | . 26 . Explosive 13 | . 7 6 Electromagnetic 1 | . . 1 Robot Hit Streak 9 | . 9 6 Robot Miss Streak 3 | . 3 2 Penetration Max . | . . . Secondary Targets . | . . . Shots Hit Robots 153 | . 35 118 Core Hits 53 | . 26 27 Critical Hits . | . . . Critical Kills . | . . . Critical Parts Destroyed . | . . . Melee Attacks 146 | . . 146 Impact 146 | . . 146 Slashing . | . . . Piercing . | . . . Sneak Attacks 9 | . . 9 Combat Hostiles . | . . . Follow-up Attacks 25 | . . 25 Damage Inflicted 5090 | . 954 4136 Guns 159 | . 159 . Cannons 342 | . 315 27 Explosions 961 | . 480 481 Melee 3628 | . . 3628 Ramming . | . . . Kinetic 135 | . 135 . Thermal 339 | . 339 . Explosive 961 | . 480 481 Electromagnetic 27 | . . 27 Impact 3628 | . . 3628 Slashing . | . . . Piercing . | . . . Highest Corruption . | . . . Average Corruption . | . . . Corruption Purged . | . . . Overload Shots . | . . . Overflow Damage 576 | . 7 569 Projectiles 17 | . . 17 Explosions 21 | . 7 14 Melee 538 | . . 538 Knockbacks 6 | . . 6 Impact 6 | . . 6 Kinetic . | . . . Secondary . | . . . Self-Inflicted Damage . | . . . Shots . | . . . Rammed . | . . . Targets Rammed . | . . . Kicked . | . . . Crushed . | . . . Highest Temperature 246 | . 246 14 Average Temperature 88 | . 89 10 Received Heat Transfer 1026 | . 309 717 Effects 2 | . 2 . Interference 2 | . 2 . Siege Activations . | . . . Robots Corrupted . | . . . Combat Hostiles . | . . . Parts Fried 17 | . . 17 Impact Corruptions 30 | . . 30 Robots Melted . | . . . Combat Hostiles . | . . . Parts Melted 3 | . 2 1 Heat Transferred 740 | . 740 . Parts Sabotaged . | . . . Parts Stolen . | . . . Parts Stripped . | . . . Power Chain Reactions . | . . . Missiles Intercepted . | . . . Alert | -11 -10 -9 ------- Run | Scr Mat Mat Peak Influence 441 | . 229 441 Initial 83 | . . 83 Average 166 | . 124 183 Maximum Alert Level 2 | . 1 2 Low Security (%) 69 | 100 76 67 Level 1 26 | . 23 27 Level 2 3 | . . 4 Level 3 . | . . . Level 4 . | . . . Level 5 . | . . . High Security . | . . . Max Security . | . . . Squads Dispatched 6 | . 1 5 Investigation 2 | . . 2 Extermination . | . . . Reinforcement 4 | . 1 3 Assault . | . . . Garrison . | . . . Intercept . | . . . Construction Impeded . | . . . Haulers Reinforced . | . . . Stealth | -11 -10 -9 --------- Run | Scr Mat Mat Distress Signals 3 | . 1 2 Communications Jammed . | . . . Distress Signals . | . . . Times Spotted 60 | . 14 46 Peak Tracking Total 8 | . 5 8 Tactical Retreats 2 | . 1 1 Traps | -11 -10 -9 ------- Run | Scr Mat Mat Traps Triggered 1 | . . 1 Indirectly . | . . . Trap Hack Attempts . | . . . Triggered . | . . . Disarmed . | . . . Reprogrammed . | . . . Reused . | . . . Traps Extracted . | . . . Installed . | . . . Triggered . | . . . Machines | -11 -10 -9 ---------- Run | Scr Mat Mat Machines Disabled 1 | . . 1 Max in Single Turn 1 | . . 1 Machines Sabotaged . | . . . Garrisons Compromised . | . . . Overloaded Fab Kills . | . . . Fab Network Shutdowns . | . . . Hacking | -11 -10 -9 --------- Run | Scr Mat Mat Machines Accessed 8 | . 1 7 Terminals 8 | . 1 7 Fabricators . | . . . Repair Stations . | . . . Recycling Units . | . . . Scanalyzers . | . . . Garrison Access . | . . . Total Hacks 19 | . 2 17 Successful 9 | . . 9 Failed 10 | . 2 8 Catastrophic 3 | . . 3 Database Lockouts . | . . . Manual 10 | . 2 8 Terminals 19 | . 2 17 Fabricators . | . . . Repair Stations . | . . . Recycling Units . | . . . Scanalyzers . | . . . Garrison Access . | . . . Terminal Hacks 6 | . . 6 Robot Analysis 1 | . . 1 Branch Access Points 1 | . . 1 Terminal Index 1 | . . 1 Alert Level 1 | . . 1 Unreport Threat 2 | . . 2 Fabricator Hacks . | . . . Repair Station Hacks . | . . . Recycling Unit Hacks . | . . . Scanalyzer . | . . . Garrison Access Hacks . | . . . Unauthorized Hacks 3 | . . 3 Terminals 3 | . . 3 Botnet 3 | . . 3 Fabricators . | . . . Repair Stations . | . . . Recycling Units . | . . . Scanalyzers . | . . . Garrison Access . | . . . Data Cores Recovered . | . . . Used . | . . . Hacking Detections 8 | . 1 7 Full Trace Events 1 | . . 1 Feedback Events . | . . . Feedback Blocked . | . . . Robot Schematics Acquired . | . . . Robots Built . | . . . Matter . | . . . Time . | . . . Total Robot Build Rating . | . . . Part Schematics Acquired . | . . . Parts Built . | . . . Matter . | . . . Time . | . . . Total Part Build Rating . | . . . Parts Repaired . | . . . Time . | . . . Parts Recycled . | . . . Recycled Matter . | . . . Retrieved Matter . | . . . Retrieved Components . | . . . Parts Scanalyzed . | . . . Part Schematics Acquired . | . . . Parts Damaged . | . . . Bothacking | -11 -10 -9 ------------ Run | Scr Mat Mat Used RIF Installer . | . . . Robots Hacked . | . . . Non-combat . | . . . Combat . | . . . Robot Hacks Applied . | . . . Relay Couplers Released . | . . . Robots Rewired . | . . . Allies Hacked . | . . . Hacks Repelled . | . . . Allies | -11 -10 -9 -------- Run | Scr Mat Mat Total Allies . | . . . Largest Group . | . . . Highest-Rated Group . | . . . Highest-Rated Ally . | . . . Total Orders . | . . . Ally Attacks . | . . . Total Damage . | . . . Kills . | . . . Allies Corrupted . | . . . Allies Melted . | . . . Intel | -11 -10 -9 ------- Run | Scr Mat Mat Robot Analysis Total 1 | . . 1 Derelict Logs Recovered . | . . . Drone Launches . | . . . Drone Recoveries . | . . . Exploration | -11 -10 -9 ------------- Run | Scr Mat Mat Turns Passed 1781 | 51 348 1382 Spaces Moved 901 | 44 210 647 Core 5 | 5 . . Treads 143 | . 11 132 Legs . | . . . Wheels 753 | 39 199 515 Hover . | . . . Flight . | . . . Fastest Speed 50 | 50 90 110 Average Speed 122 | 85 95 133 Slowest Speed 190 | 100 160 190 Overloaded Moves . | . . . Propulsion Burnouts . | . . . Robots Hopped . | . . . Cave-ins Triggered . | . . . Exploration Rate (%) 34 | 3 38 61 Regions Visited 2 Branch Regions . Pre-discovered Areas . | . . . Known Exits Taken . | . . . Unknown Exits Taken 2 | 1 1 . Scrap Searched . | . . . Spaces Dug 4 | . . 4 Terrain Destroyed 43 | . 23 20 Melee 4 | . . 4 Projectile . | . . . AOE 39 | . 23 16 Terrain Rammed . | . . . Walls Destroyed . | . . . Machines Disabled . | . . . Actions | -11 -10 -9 --------- Run | Scr Mat Mat Total 1266 | 54 305 907 Wait 112 | 1 30 81 Move 899 | 43 209 647 Hop . | . . . Pick Up 33 | 4 8 21 Fast Attach 13 | 6 1 6 Attach 10 | . 1 9 Detach . | . . . Swap 20 | . 9 11 Drop 14 | . 6 8 Fire 48 | . 41 7 Melee 117 | . . 117 Ram . | . . . Kick . | . . . Crush . | . . . Escape Stasis . | . . . Rewire . | . . . Trap . | . . . Miscellaneous . | . . . Route ------- -11/Scrapyard -10/Materials (discovered 2 exits: *Mat / [*Min]) -9/Materials (discovered 2 exits: *Min x2) History --------- Turn | Location | Event 27 | -11/Scrapyard | Discovered new exit (range 16) 52 | -11/Scrapyard | Entered Materials 208 | -10/Materials | Discovered new exit (range 16) 301 | -10/Materials | Build established: Mutant 363 | -10/Materials | Discovered new exit (range 15) 400 | -10/Materials | Entered another Materials area 400 | -9/Materials | Evolved 2 slots: Utility x2 431 | -9/Materials | Lost 3 parts (1p2w) 593 | -9/Materials | Discovered new exit (range 10) 1266 | -9/Materials | Discovered new exit (range 15) 1288 | -9/Materials | Identified exit to Mines 1410 | -9/Materials | Core integrity fell below 50% 1766 | -9/Materials | Core integrity fell below 20% 1782 | -9/Materials | Destroyed by Y-45 Defender with Heavy Assault Rifle Last Messages --------------- 01649_ K-01 Serf system terminally corrupted. 01649_ Wheel fried. 01653_ Destroyed Heat Sink. 01653_ G-34 Mercenary system corrupted by crushing effect. 01659_ Arm. Treads destroyed. 01659_ G-34 Mercenary destroyed. 01663_ Acquired 8 matter. 01664_ Acquired 2 matter. 01668_ Acquired Lgt. Treads. 01711_ Sneak attack on A-02 Transporter. 01711_ A-02 Transporter destroyed. 01717_ Acquired Imp. Ion Engine. 01718_ Dropped Lgt. Ion Engine. 01720_ Acquired Imp. Ion Engine. 01723_ Acquired Rocket Launcher. 01725_ Dropped Grenade Launcher. 01725_ Acquired Rocket Launcher. 01773_ Arm. Treads destroyed. 01774_ Lgt. Ion Engine destroyed. 01775_ Great Maul follow-up attack on Y-45 Defender. Map ----- +----------------------------------------------------+ | #?????????????????????# """ "#??????? | | """ =#?????????????????????# """ "#??????? | | """ #?????????????????????# #??????? | | """ #?????????????????????#####+####??????? | | #?????????????????#??###??# #?????????? | | " #???????????????# ??# #?????????? | | " #???????????????# """?# #?????????? | | " #???????????????# """?# #?????????? | | ??????#####??????# """ # #?????????? | | #+######### /#??????# " " # ##????????? | | #??????? "R" + #????????? | | #??????? """ # ########## | | #??????# # # # | | ####### ==#??????#########?# # # | | ??????# = #?????????# ### %# % # | | ??????# #####?????????# !%#=% # | | ?????## ##????????????# [%+*!= # | | ###### #????????????# ###%%#==] # | | #????????????## ##?# %#*% ! # | | #?????????????# #??# # ** # | | #?????????????# #??# #] ! # | | ###### #?????????????# #??# ########## | | ?????##################### ##?# #????????? | | ????????????# # #?# #????????? | | ????????????# Y #?# #????????? | | ????????????# #@ #?# #????????? | | ????????????# " [[[ # #?# #????????? | | ????????????# T [[ ?## ##?# #?######?? | | ????????????# " [[ ??# #??# #? ?? | | ????????????? ???#Y #??# # """ ? | | ????????????######## #???# #??# # """ # | | ???????????????????##????# #??# + """ [ |# | | ????????????????????????? ??#### # | | ????????????????????????? ?????? """ "" # | | ?????????????????????????#####??????""" T" # | | ????????????????????????????????????""" "" ? | | ????????????????????????????????????? ?? | | ?????????????????????????????????????##????? | | | | | | | | | | | | | | | | | | | | | | | | | +----------------------------------------------------+ Best States ------------- Heat Dissipation 28 Energy Generation 14 Energy Capacity 265 Matter Stores 300 Matter Capacity 300 Sight Range 16 Terrain Scan Density 10 Armor Coverage 225 Utility Shielding 33 Evasion (%) 44 Melee Accuracy 5 Recoil Reduction 2 Salvage Targeting 2 Item Schematics ----------------- None Robot Schematics ------------------ None Fabricated ------------ Nothing Alien Tech Used ----------------- None Achievements -------------- None Challenges ------------ None Game ------ Seed VariableOpticalNanosword Manual? 0 Play Time 00:18:28 Cumulative 134.7 hours Start 2021.11.12 @ 00:40:01 End 2021.11.12 @ 00:54:24 Sessions 1 Manual Loads 0 Difficulty Rogue Special Mode None Game No. 97 Rogue 95 Adventurer 2 Explorer 0 Win Type - Total 6 Types 3/0/1/2/0/0/0/0/0 Lore% 74 Gallery% 79 Achievement% 67 Wizard Run 0 Options --------- ASCII 0 Keyboard 1 Movement Numpad Keybinds 0 Fullscreen 1 Font 12/Smallcaps Map View 83x54 Tactical HUD 1 Map Filters NONE Filters NONE Steam 1 RUN: 7a5e3b22-4b18-4368-93e7-26a7f0e9f877